 Dungeon Crawl Stone Soup version 0.31-a0-965-g8a8ce12e04 (webtiles) character file.

Game seed: 7749453042528479770

455 Xavori the Trooper (level 7, -4/52 HPs)
             Began as a Djinni Chaos Knight on Oct 26, 2023.
             Was a Plaything of Xom.
             Slain by a bullfrog (6 damage)
             ... in a sewer.
             The game lasted 00:05:43 (10718 turns).

Xavori the Trooper (Djinni Chaos Knight)           Turns: 10718, Time: 00:05:44

Health: -4/52      AC:  7    Str: 19    XL:     7   Next: 26%
Gold:   232        EV: 12    Int: 12    God:    Xom [...*..] SH:  4 Dex: 14

rFire   + + .        a - +0 falchion (chaos)
rCold   x . .        s - +0 buckler
rNeg    . . .        b - +2 leather armour
rPois   ∞            (helmet restricted)
rElec   .            l - +0 cloak
rCorr   .            p - +0 pair of gloves
SInv    .            (boots unavailable)
Will    .....        (no amulet)
Stlth   +++          n - ring of wizardry
HPRegen 0.28/turn    (no ring)
MPRegen 0.00/turn

%: clarity, wizardry (x1), infuse magic (-5 HP)
@: flying
A: sickness immunity, fire resistance 2, cold vulnerability 1, float, innate
caster, HP casting, extra vitality 1, antennae 1, claws 2, thin skeletal
structure 1, camouflage 1, clarity, strong 2
a: Renounce Religion


You were in a sewer.
You worshipped Xom.
You were a favourite toy of Xom.
You visited 1 branch of the dungeon, and saw 5 of its levels.
You also visited: Sewer.

You collected 232 gold pieces.

Inventory:

Hand Weapons
 a - a +0 falchion of chaos (weapon)
Missiles
 r - 2 throwing nets
Armour
 b - a +2 leather armour (worn)
 l - a +0 cloak (worn)
 p - a +0 pair of gloves (worn)
 s - a +0 buckler (worn)
Jewellery
 n - a ring of wizardry (left hand)
Scrolls
 c - a scroll of butterflies
 d - a scroll of enchant armour {unknown}
 e - a scroll of teleportation
 h - 2 scrolls of noise {unknown}
 i - a scroll of brand weapon {unknown}
 j - a scroll of vulnerability {unknown}
 k - a scroll of amnesia {unknown}
 m - a scroll of fog {unknown}
 o - 3 scrolls of identify {unknown}
 q - 2 scrolls of revelation {unknown}
Potions
 f - a potion of enlightenment {unknown}
 g - 2 potions of curing


   Skills:
 + Level 4.2 Fighting
 + Level 3.8 Long Blades
 + Level 3.0 Armour
 + Level 3.9 Dodging
 * Level 2.4 Spellcasting
 * Level 2.4 Conjurations
 * Level 2.4 Hexes
 * Level 2.4 Summonings
 * Level 2.4 Necromancy
 * Level 2.4 Translocations
 * Level 2.4 Transmutations
 * Level 2.4 Fire Magic
 * Level 2.4 Ice Magic
 * Level 2.4 Air Magic
 * Level 2.4 Earth Magic
 * Level 2.4 Poison Magic


You knew the following spells:

 Your Spells              Type           Power      Damage    Failure   Level
a - Necrotise             Necr           28%        1d5       6%          1
b - Lesser Beckoning      Tloc           14%        N/A       9%          2
c - Vampiric Draining     Necr           7%         2d6       17%         3
Your spell library was empty.

Dungeon Overview and Level Annotations

Branches:
Dungeon (5/15)              Sewer (1/1)
 Temple: D:4-7

Altars:
Gozag
Hepliaklqana
Nemelex Xobeh
Xom
Zin

Shops:
D:3 *   D:5 (=

Annotations:
D:4 Edmund


Innate Abilities, Weirdness & Mutations

You are immune to sickness and miasma.
You are immune to poison.
Your flesh is very heat resistant. (rF++)
You are vulnerable to cold. (rC-)
You float through the air rather than walking.
You learn spells naturally, not from books.
Your magical power is your life essence.
You have superior vitality. (+4 MHP)
You have a pair of small antennae on your head.
You have very sharp fingernails.
You have a somewhat thin skeletal structure. (Dex +2, Stealth+)
Your skin changes colour to match your surroundings (Stealth+).
You possess an exceptional clarity of mind.
Your muscles are very strong. (Str +8, Int/Dex -2)


Message History

Unknown command.
You hit the bullfrog but do no damage.
The bullfrog is heavily wounded.
The bullfrog hits you but does no damage.
The giant cockroach splashes around in the water.
The endoplasm freezes you.
You are frozen.
You feel a terrible chill! You block the bullfrog's attack.
Unknown command.
You barely miss the bullfrog.
The bullfrog is heavily wounded.
The giant cockroach bites you but does no damage.
The bullfrog closely misses you. The endoplasm closely misses you.
You block the giant cockroach's attack. The bullfrog hits you.
Unknown command.
You are too injured to fight recklessly!
Unknown command.
You are too injured to fight recklessly!
You hit the bullfrog.
The bullfrog seems to slow down.
You freeze the bullfrog.
The bullfrog is heavily wounded.
The endoplasm freezes you.
You are frozen.
You feel a terrible chill! The giant cockroach closely misses you.
The bullfrog barely misses you.
You hit the endoplasm. You freeze the endoplasm.
You kill the endoplasm!
The giant cockroach splashes around in the water.
The bullfrog hits you.
Unknown command.
You hit the bullfrog.
The bullfrog seems to grow stronger.
The bullfrog is severely wounded.
The bullfrog is no longer moving slowly.
The giant cockroach splashes around in the water.
The bullfrog hits you!
* * * LOW HITPOINT WARNING * * *
The giant cockroach barely misses you.
You hit the bullfrog but do no damage.
The bullfrog is poisoned.
The bullfrog is severely wounded.
The bullfrog hits you!
* * * LOW HITPOINT WARNING * * *
The giant cockroach misses you. The bullfrog hits you.
You die...

##~...~#########.~~#
#∩~~####~~..~~~.~~~####
#####~~~~#####.~~~~#~~##
##.~~††~†#~∩~#######~~.####
##~~.~~####~~~~.~..#~..†..~##
##..~~###~.~~~~~...~##~~#~.~~##
#~~~~##~~~~~#######~~#~~##~~~.#
##.~~##~~.~###≈≈~~~#~~##.~##~.~##
#~~~†#~~~~##≈≈~†@~~~.~~#~~.#~.~~#
#~~†##~~~##≈≈~~B~F~.~~_#~~~##~~~#
#~~~#.~~~#≈≈~~..~~$~.~.#~~~~#~~..
#~~†#~~†~#≈..~~~."!?.~~#~~~~#~~.∩
#~~~#~.~~#≈≈.~~.$"$.~.≈#.~.~#~~..
#~~~##~~~##≈≈≈~.~...~≈##~~~##...#
#..~.#~~.~##≈≈≈≈~~~≈≈##~~.~#.~~~#
##~~~##~~~~###≈≈≈≈≈###†~..##†~.##
#.~~.##~~~~~#######~~~~~##.†~~#


You could see a bullfrog (strong, very poisoned) and a giant cockroach.

Vanquished Creatures
  A bullfrog (Sewer)
  A jelly (D:5)
  An orc priest (D:5)
  An orc wizard (D:5)
  7 adders
  A river rat (D:5)
  4 worms
  An orc (D:5)
  10 ball pythons
  6 bats
  18 endoplasms
  7 giant cockroaches
  3 goblins
  5 hobgoblins
  5 jackals
  15 quokkas
  15 frilled lizards
  2 kobolds
  6 rats
109 creatures vanquished.

Vanquished Creatures (collateral kills)
  Crazy Yiuf (D:2)
  A gnoll bouda (D:4)
  4 gnolls (D:4)
  An adder (D:4)
7 creatures vanquished.

Grand Total: 116 creatures vanquished

Notes
Turn   | Place    | Note
-------+----------+-------------------------------------------
     0 | D:1      | Xavori the Djinni Chaos Knight began the quest for the Orb.
     0 | D:1      | Reached XP level 1. HP: 20/20 MP: 0/0
   192 | D:1      | XOM: potion effect (might)
   322 | D:1      | XOM: silly message
   327 | D:1      | Reached XP level 2. HP: 25/25 MP: 0/0
   530 | D:1      | XOM: cloud trail
  1641 | D:1      | XOM: divination: detect creatures
  2110 | D:1      | XOM: noise
  2372 | D:1      | XOM: divination: detect creatures
  2478 | D:1      | XOM is BORED!
  2698 | D:1      | XOM: cloud trail
  2951 | D:1      | XOM: god gift: book of Necromancy
  3303 | D:1      | XOM: god gift: 54 gold pieces
  4455 | D:1      | XOM: give mutations
  4455 | D:1      | Gained mutation: You possess an exceptional clarity of
                  | mind. [Xom's grace]
  4455 | D:1      | Gained mutation: You have hidden genetic potential. [Xom's
                  | grace]
  5467 | D:1      | XOM: silly message
  5506 | D:1      | XOM: noise
  5595 | D:1      | XOM: noise
  5692 | D:1      | XOM: god gift: 9 gold pieces
  6531 | D:1      | XOM: god gift: 4 stones
  7032 | D:1      | XOM: god gift: barding {god gift}
  7377 | D:1      | XOM: give mutations
  7377 | D:1      | Gained mutation: Your muscles are strong. (Str +4, Int/Dex
                  | -1) [Xom's grace]
  7377 | D:1      | Gained mutation: Your skin changes colour to match your
                  | surroundings (Stealth+). [Xom's grace]
  7377 | D:1      | Gained mutation: You have a pair of small antennae on your
                  | head. [Xom's grace]
  7644 | D:2      | Reached XP level 3. HP: 30/30 MP: 0/0
  7644 | D:2      | Learned a level 1 spell: Necrotise
  7716 | D:2      | Found a sparkling altar of Nemelex Xobeh.
  7758 | D:2      | Gained mutation: Your muscles are very strong. (Str +8,
                  | Int/Dex -2) [hidden potential]
  7885 | D:2      | XOM: cloud trail
  7997 | D:2      | XOM: noise
  8068 | D:2      | Reached skill level 1 in Spellcasting
  8068 | D:2      | Reached skill level 1 in Conjurations
  8068 | D:2      | Reached skill level 1 in Hexes
  8068 | D:2      | Reached skill level 1 in Summonings
  8068 | D:2      | Reached skill level 1 in Necromancy
  8068 | D:2      | Reached skill level 1 in Translocations
  8068 | D:2      | Reached skill level 1 in Transmutations
  8068 | D:2      | Reached skill level 1 in Fire Magic
  8068 | D:2      | Reached skill level 1 in Ice Magic
  8068 | D:2      | Reached skill level 1 in Air Magic
  8068 | D:2      | Reached skill level 1 in Earth Magic
  8068 | D:2      | Reached skill level 1 in Poison Magic
  8125 | D:2      | XOM: confuse monster(s)
  8147 | D:2      | Reached XP level 4. HP: 35/35 MP: 0/0
  8215 | D:2      | Found a runed translucent door.
  8216 | D:2      | Noticed Crazy Yiuf
  8232 | D:2      | XOM: scenery: create altars
  8242 | D:2      | XOM: give mutations
  8242 | D:2      | Gained mutation: You have a somewhat thin skeletal
                  | structure. (Dex +2, Stealth+) [Xom's grace]
  8242 | D:2      | Gained mutation: You have sharp fingernails. [Xom's grace]
  8493 | D:2      | Gained mutation: You have very sharp fingernails. [hidden
                  | potential]
  8493 | D:2      | Lost mutation: You have hidden genetic potential. [hidden
                  | potential expressed]
  8692 | D:2      | Paralysed by Crazy Yiuf for 3 turns
  8694 | D:2      | XOM: confuse monster(s)
  8694 | D:2      | Killed Crazy Yiuf
  9071 | D:3      | Found Zin's Purification Station.
  9075 | D:3      | Found a glowing silver altar of Zin.
  9250 | D:3      | Reached XP level 5. HP: 40/40 MP: 0/0
  9250 | D:3      | Learned a level 2 spell: Lesser Beckoning
  9855 | D:4      | XOM: confuse monster(s)
  9856 | D:4      | XOM: summons 5 friendly demons
  9921 | D:4      | Noticed Edmund
  9928 | D:4      | HP: 2/41 [Edmund/+3 dire flail of protection (12)]
  9928 | D:4      | XOM: butterfly on damage
  9940 | D:5      | Entered Level 5 of the Dungeon
  9945 | D:5      | Reached XP level 6. HP: 10/47 MP: 0/0
  9945 | D:5      | XOM: god gift: glowing grey potion {god gift}
 10022 | D:5      | Found Wanakhod's Weapon Emporium.
 10082 | D:5      | Found Hoqaoxku's Jewellery Boutique.
 10108 | D:5      | Found an opulent altar of Gozag.
 10133 | D:5      | Found a hazy altar of Hepliaklqana.
 10167 | D:5      | XOM: polymorph iguana -> jelly
 10172 | D:5      | XOM: cleaving
 10239 | D:5      | Reached skill level 4 in Fighting
 10265 | D:5      | XOM: fake destruction
 10290 | D:5      | Found a glowing drain.
 10297 | Sewer    | Entered a sewer
 10461 | Sewer    | XOM: god gift: 19 gold pieces
 10569 | Sewer    | Reached XP level 7. HP: 46/52 MP: 0/0
 10569 | Sewer    | Learned a level 3 spell: Vampiric Draining
 10694 | Sewer    | Found the amulet of the Air {Inacc Air Fly rElec RMsl}
 10704 | Sewer    | XOM: scenery: create altars
 10718 | Sewer    | HP: 2/52 [bullfrog (10)]
 10718 | Sewer    | Slain by a bullfrog

Illustrated notes

Levels and vault maps discovered:
D:1:      minmay_arrival_floating_metal, layout_loops_ring, grunt_decor_cap,
          chequers_serial_rivers_small_b, hangedman_glass_teeth, nrook_uturn,
          st_stairs_12
D:2:      layout_loops_corners, basic_altar, uniq_crazy_yiuf_cottage
D:3:      layout_basic, zin_purify
D:4:      layout_basic, gammafunk_temple_overflow_wave,
          minmay_temple_entry_from_below_a, serial_aquarium,
          aquarium_bridge_island_small [aquarium_subvault_small_open,
          aquarium_subvault_bridge, aquarium_subvault_wall,
          aquarium_subvault_bridge, aquarium_subvault_bridge],
          aquarium_window_2, aquarium_window_1, aquarium_window_1,
          aquarium_window_1, aquarium_view_2c, aquarium_pool_side, uniq_edmund
D:5:      layout_rooms, grunt_gozag_breadcrumbs, mainiacjoe_overflow_paths,
          serial_shops, nicolae_shop_rolling_square, nicolae_shop_waterfront,
          shop, lightli_sewer_entry_pipes
Sewer:    sewer_frog_island_02

Skill      XL: |  1  2  3  4  5  6  7 |
---------------+----------------------+-----
Long Blades    | 3 |  3.8
Spellcasting   | 1 2 |  2.4
Conjurations   | 1 2 |  2.4
Hexes          | 1 2 |  2.4
Summonings     | 1 2 |  2.4
Necromancy     | 1 2 |  2.4
Translocations | 1 2 |  2.4
Transmutations | 1 2 |  2.4
Fire Magic     | 1 2 |  2.4
Ice Magic      | 1 2 |  2.4
Air Magic      | 1 2 |  2.4
Earth Magic    | 1 2 |  2.4
Poison Magic   | 1 2 |  2.4
Armour         | 2 3 |  3.0
Dodging        | 3 |  3.9
Fighting       | 4 |  4.2

Action                     |  1- 3 |  4- 6 |  7- 9 || total
---------------------------+-------+-------+-------++-------
  Melee: Falchion          |   107 |   212 |    46 ||   365
         Punch             |     1 |     3 |       ||     4
   Cast: Vampiric Draining |       |       |     1 ||     1
    Use: Potion            |       |     3 |       ||     3
         Scroll            |       |     2 |       ||     2
   Stab: Sleeping          |     4 |    10 |     3 ||    17
         Confused          |     1 |       |     1 ||     2
         Petrified         |       |     3 |       ||     3
 Armour: Leather armour    |    58 |   120 |    38 ||   216
  Dodge: Dodged            |    64 |   140 |    47 ||   251
  Block: Buckler           |       |    31 |    18 ||    49

Table legend: (Time is in decaauts)
 A = Elapsed time spent in this place.
 B = Non-inter-level travel time spent in this place.
 C = Inter-level travel time spent in this place.
 D = Time resting spent in this place.
 E = Time spent auto-exploring this place.
 F = Levels seen in this place.
 G = Mean time per level.
                   A        B        C        D        E       F      G
               +--------+--------+--------+--------+--------+-----+--------+
         Total |  10781 |  10558 |    223 |   6868 |   2631 |   6 | 1796.8 |
       Dungeon |  10341 |  10118 |    223 |   6868 |   2427 |   5 | 2068.2 |
         Sewer |    440 |    440 |      0 |      0 |    204 |   1 |  440.0 |
               +--------+--------+--------+--------+--------+-----+--------+

Top non-repeatable levels by time:
     D:1: 7584 daAuts
     D:2: 1497 daAuts
     D:3: 646 daAuts
   Sewer: 440 daAuts
     D:5: 375 daAuts
     D:4: 237 daAuts
